 Dungeon Crawl Stone Soup version 0.28-a0-793-g31680bbd8b (webtiles) character file.

Game seed: 10279972685806821731

188912 meatgazer the Schismatic (level 17, -22/139 HPs)
             Began as a Demonspawn Abyssal Knight on Nov 2, 2021.
             Was an Elder of Lugonu.
             Killed by the raging water
             ... invoked by a water nymph
              (26 damage)
             ... on level 2 of the Shoals on Nov 3, 2021.
             The game lasted 01:30:40 (36940 turns).

meatgazer the Schismatic (DsAK)                    Turns: 36940, Time: 01:30:41

Health: -22/139    AC: 22    Str: 20    XL:     17   Next: 49%
Magic:  0/32       EV: 17    Int: 17    God:    Lugonu [****..]
Gold:   196        SH: 16    Dex: 16    Spells: 18/21 levels left

rFire   x . .      SeeInvis .   n - +9 falchion (distort)
rCold   . . .      Faith    .   G - +2 buckler of the Tormentor {Str+3}
rNeg    . . .      Spirit   +   F - +3 ring mail of Impressiveness {Fly rF- Regen+ Int+4}
rPois   .          Reflect  +   s - +0 hat {Stlth+}
rElec   .          Harm     .   x - +2 cloak {rCorr}
rCorr   +          Rampage  .   m - +0 pair of gloves {archery}
Will    +....                   i - +2 pair of boots
Stlth   ++........              p - amulet of reflection
HPRegen 1.33/turn               q - ring of willpower
MPRegen 0.46/turn               M - +4 ring of evasion

@: mighty, lethally poisoned (-22 -> -24), weak-willed, flying, mesmerised,
studying Long Blades
A: claws 2, molten scales 2, powered by death 2, magic shield, magic
regeneration, horns 2, large bone plates 1, high mp 1, passive freeze
}: 1/15 runes: gossamer
a: Renounce Religion, Depart the Abyss, Bend Space, Banish, Corrupt


You were on level 2 of the Shoals.
You worshipped Lugonu.
Lugonu was greatly pleased with you.
You visited 5 branches of the dungeon, and saw 29 of its levels.
You visited the Abyss 4 times.
You also visited: Sewer.

You collected 4002 gold pieces.
You spent 3806 gold pieces at shops.

Inventory:

Hand Weapons
 n - a +9 falchion of distortion (weapon)
 u - the +8 storm bow {elec, penet}
   (You acquired it on level 6 of the Dungeon)

   Any ammunition fired from it occasionally discharges a powerful burst of
   electricity upon striking a foe.
   Any ammunition fired by it passes through the targets it hits, potentially
   hitting all targets in its path until it reaches maximum range.
Missiles
 w - a throwing net
 z - 511 arrows
Armour
 d - a +1 pair of gloves
 i - a +2 pair of boots (worn)
 m - a +0 pair of gloves of archery (worn)
 s - a +0 hat of stealth (worn)
 x - a +2 cloak of preservation (worn)
 C - the +7 ring mail of Loxu {rPois rN+}
   (You found it on level 1 of the Shoals)

   rPois:     It protects you from poison.
   rN:        It protects you from negative energy.
 F - the +3 ring mail of Impressiveness (worn) {Fly rF- Regen+ Int+4}
   (You found it on level 3 of the Lair of Beasts)

   Int:       It affects your intelligence (+4).
   rF:        It makes you vulnerable to fire.
   Fly:       It grants you flight.
   Regen:     It increases your rate of health regeneration.
 G - the +2 buckler of the Tormentor (worn) {Str+3}
   (You acquired it on level 9 of the Dungeon)

   Str:       It affects your strength (+3).
Jewellery
 b - a ring of positive energy
 p - an amulet of reflection (around neck)
 q - a ring of willpower (left hand)
 M - a +4 ring of evasion (right hand)
Wands
 a - a wand of charming (38)
 h - a wand of mindburst (17)
 j - a wand of paralysis (24)
 k - a wand of flame (69) (quivered)
 y - a wand of polymorph (17)
 J - a wand of digging (14)
 K - a wand of iceblast (29)
Scrolls
 e - 11 scrolls of identify
 o - 9 scrolls of teleportation
 r - 2 scrolls of fear
 v - 4 scrolls of amnesia
 D - 3 scrolls of holy word
 N - 2 scrolls of magic mapping
 W - a scroll of fog
Potions
 c - 5 potions of curing
 f - 3 potions of cancellation
 g - a potion of berserk rage
 t - 3 potions of magic
 B - 2 potions of brilliance
 E - 3 potions of ambrosia
 I - 4 potions of might
 P - 2 potions of haste
 R - 3 potions of resistance
Miscellaneous
 l - a tin of tremorstones (inert)
 A - a condenser vane (inert)
 L - a phantom mirror (inert)


   Skills:
 + Level 14.3 Fighting
 * Level 11.3 Long Blades
 - Level 13.0 Bows
 + Level 12.2 Armour
 - Level 4.0 Dodging
 - Level 0.8 Stealth
 - Level 4.3 Shields
 + Level 2.7 Spellcasting
 + Level 1.6 Ice Magic
 + Level 16.9 Invocations
 + Level 12.7 Evocations


You had 18 spell levels left.
You knew the following spells:

 Your Spells              Type           Power      Damage    Failure   Level
a - Frozen Ramparts       Ice            14%        1d3       38%         3

Your spell library contained the following spells:

 Spells                   Type           Power      Damage    Failure   Level
 Freeze                   Ice            28%        1d5       14%         1
 Foxfire                  Conj/Fire      8%         2x1d4     26%         1
 Magic Dart               Conj           8%         1d3       26%         1
 Ensorcelled Hibernation  Hex/Ice        10%        N/A       28%         2
 Call Imp                 Summ           2%         N/A       36%         2
 Corpse Rot               Necr/Air       4%         N/A       36%         2
 Passwall                 Tmut/Erth      1%         N/A       36%         2
 Sublimation of Blood     Necr           2%         N/A       36%         2
 Conjure Flame            Conj/Fire      2%         6-21      61%         3
 Gell's Gravitas          Tloc           2%         N/A       61%         3
 Ignite Poison            Fire/Tmut/Pois 2%         N/A       61%         3
 Inner Flame              Hex/Fire       2%         N/A       61%         3
 Lesser Beckoning         Tloc           2%         N/A       61%         3
 Mephitic Cloud           Conj/Pois/Air  2%         N/A       61%         3
 Spider Form              Tmut/Pois      2%         N/A       61%         3
 Swiftness                Air            2%         N/A       61%         3
 Teleport Other           Tloc           2%         N/A       61%         3
 Hailstorm                Conj/Ice       5%         3d4       88%         4
 Cause Fear               Hex            1%         N/A       95%         4
 Dispel Undead            Necr           2%         3d7       95%         4
 Flame Wave               Conj/Fire      2%         3d3       95%         4
 Olgreb's Toxic Radiance  Pois           2%         N/A       95%         4
 Petrify                  Tmut/Erth      2%         N/A       95%         4
 Freezing Cloud           Conj/Ice/Air   2%         6-21      99%         5
 Metabolic Englaciation   Hex/Ice        2%         N/A       99%         5
 Alistair's Intoxication  Tmut/Pois      1%         N/A       100%        5
 Borgnjor's Vile Clutch   Necr/Erth      1%         N/A       100%        5
 Irradiate                Conj/Tmut      1%         3d14      100%        5
 Iskenderun's Battlesphe  Conj           2%         2d6       100%        5
 Summon Forest            Summ/Tloc      1%         N/A       100%        5
 Summon Mana Viper        Hex/Summ       2%         N/A       100%        5
 Death Channel            Necr           1%         N/A       100%        6
 Dispersal                Tloc           1%         N/A       100%        6
 Eringya's Noxious Bog    Tmut/Pois      1%         N/A       100%        6
 Invisibility             Hex            1%         N/A       100%        6
 Iron Shot                Conj/Erth      1%         9d1       100%        6
 Statue Form              Tmut/Erth      1%         N/A       100%        6
 Summon Cactus Giant      Summ           1%         N/A       100%        6
 Dragon Form              Tmut           1%         N/A       100%        7
 Ozocubu's Refrigeration  Ice            3%         4d5       100%        7
 Spellforged Servitor     Conj/Summ      1%         N/A       100%        7
 Disjunction              Tloc           1%         N/A       100%        8
 Ignition                 Fire           1%         3d3       100%        8
 Dragon's Call            Summ           1%         N/A       100%        9


Dungeon Overview and Level Annotations

Branches:
Dungeon (15/15)            Temple (0/1) D:7            Lair (6/6) D:11
 Shoals (2/4) Lair:3       Spider (4/4) Lair:2        Slime (0/5) Lair:6
    Orc (2/2) D:10            Elf (0/3) Orc:2        Vaults (0/5) D:13
 Depths (0/4) D:15          Sewer (visited)

Altars:
Dithmenos
Elyvilon
Fedhas
Gozag
Hepliaklqana
Nemelex Xobeh
Ru
Uskayaw
Vehumet
Wu Jian
Xom
Yredelemnul
Beogh
Lugonu

Shops:
D:7 =   D:8 *   D:11 (   Orc:2 *(**   Shoals:1 *

Annotations:
D:3 3 runed translucent doors, Leeroy's ghost, amateur DrTm
Lair:4 1 runed translucent door, BigDaddyOpFi's ghost, journeyman GrBe
Lair:5 3 runed translucent doors, Etewkasm's ghost, journeyman TrMo
Shoals:2 corrupted
Abyss:1 Qoqufel's ghost, journeyman GrFi; Roxanne


Innate Abilities, Weirdness & Mutations

You have very sharp fingernails.
You are mostly covered in molten scales. (AC +3)
You regenerate health from kills.
When hurt, damage is shared between your health and your magic reserves.
You regenerate magic rapidly.
You have a pair of horns on your head.
You are partially covered in large bone plates. (SH +4)
You have an increased reservoir of magic. (+10% MP)
A frigid envelope surrounds you and freezes all who hurt you.


Message History

The small abomination is destroyed!
The small abomination disappears in a puff of smoke!
The faun hits you but does no damage.
The faun is very cold.
The faun is moderately wounded.
The water nymph touches you. The water nymph drowns you!
* * * LOW HITPOINT WARNING * * *
The water nymph is very cold.
The water nymph is heavily wounded.
The merfolk siren chants its luring song.
The wind drake flaps its wings at you. The air twists around and strikes you!
* * * LOW HITPOINT WARNING * * *
The merfolk impaler hits you from afar with a +0 antimagic demon trident.
* * * LOW HITPOINT WARNING * * *
The faun splashes around in the water.
A sticky flame appears from out of your range of vision.
The sticky flame hits the sea snake!
The sea snake is covered in liquid flames!
The large abomination hits the wind drake!!
The ice beast hits the merfolk.
The ice beast freezes the merfolk!
The merfolk hits the ice beast with a +0 trident!
You shred the net and break free!
* * * LOW HITPOINT WARNING * * *
You feel very sick.
The sea snake burns!
The sixfirhy hits the merfolk impaler but does no damage.
The sixfirhy closely misses the merfolk impaler.
The thrashing horror tramples the merfolk.
The merfolk stumbles backwards!
The flying skull hits the faun.
The faun casts a spell at you. You resist with some effort.
The sixfirhy hits the merfolk impaler!
The sixfirhy shocks the merfolk impaler!
The wind drake bites you but does no damage.
The wind drake is very cold.
The wind drake is almost dead.
You block the merfolk impaler's attack.
The merfolk siren chants its luring song.
The water nymph points at you and mumbles some strange words.
The water rises up and strikes you!!
You die...

..≈≈≈≈≈≈...
#..≈≈≈≈.... ..≈≈
#.≈.≈≈... .≈≈≈
#..#≈.#.## ...≈P
##≈.#.....###...≈≈
.≈..............PP
≈≈≈≈≈z≈≈≈≈≈....P.≈
≈≈≈.≈#cmkm.#.≈≈≈≈≈
.≈H.≈.#@.X3...PPP≈
.≈...Hcm≈.m#..≈≈≈≈
$...##.#...m..≈PP≈
.....S4##.##≈≈≈PPP
≈≈..#.. #.X...≈≈m≈
P...x.. .Y.m≈≈≈≈.P
....... .≈#≈.≈≈≈P≈
.........≈≈≈.≈≈≈≈m


You could see a merfolk impaler, a sea snake (burning, slow), a wind drake
(repels missiles), 3 merfolk, 2 fauns, a manticore, a merfolk siren
(mesmerising), a water nymph, a neutral thrashing horror (summoned), a neutral
large abomination (summoned), a neutral sixfirhy (summoned), a neutral chaos
spawn (summoned), a neutral ice beast (summoned), a neutral small abomination
(summoned) and a neutral flying skull (summoned).

Vanquished Creatures
  Bai Suzhen (Spider:4)
  Nikola (Spider:4)
  A kraken (Shoals:1)
  Gastronok (Lair:2)
  A tengu reaver (D:14)
  Louise (Spider:3)
  An emperor scorpion (Spider:4)
  An entropy weaver (Spider:1)
  A spark wasp (Spider:3)
  Azrael (D:15)
  An entropy weaver (shapeshifter) (D:15)
  Josephine (Spider:1)
  A fire dragon (Lair:4)
  A great orb of eyes (D:15)
  A merfolk impaler (Shoals:1)
  A rakshasa (D:15)
  A vault guard (D:13)
  8 hydras
  Harold (D:8)
  Fannar (D:11)
  5 boulder beetles
  2 merfolk avatars
  8 centaur warriors
  A catoblepas (D:14)
  2 two-headed ogres (D:11)
  A satyr (Shoals:1)
  3 tengu warriors (D:15)
  7 death yaks
  Nergalle (D:11)
  Sonja (D:11)
  10 skeletal warriors
  3 sea snakes (Shoals:1)
  3 wizards (D:14)
  4 lindwurms (Lair:5)
  2 deep elf pyromancers
  4 orc knights
  7 harpies
  8 ugly things
  12 orb spiders
  21 wolf spiders
  4 orc sorcerers
  5 oklob plants (Lair:6)
  2 moths of wrath
  4 cyclopes
  8 elephants
  2 merfolk sirens (Shoals:1)
  3 fauns (Shoals:1)
  4 black mambas
  9 manticores
  An unseen horror (D:12)
  11 cane toads
  4 kobold demonologists
  12 rime drakes
  A torpor snail (Lair:6)
  16 demonic crawlers
  2 efreet (D:14)
  12 komodo dragons
  A freezing wraith (D:14)
  3 yaktaurs (D:15)
  A meliai (D:14)
  5 merfolk (Shoals:1)
  18 jumping spiders
  A meliai (shapeshifter) (D:14)
  12 trolls
  2 wind drakes
  A queen bee (shapeshifter) (D:14)
  2 raiju (Abyss:1)
  12 hornets
  24 blink frogs
  18 slime creatures
  A meliai zombie (D:11)
  3 snapping turtles (Shoals:1)
  A shadow (D:10)
  36 yaks
  28 tarantellas
  A yak (shapeshifter) (D:14)
  2 vampires
  39 redbacks
  7 wraiths
  3 wyverns
  5 basilisks
  4 fire elementals (D:15)
  16 steam dragons
  15 vampire mosquitoes
  5 wargs (Orc:2)
  A large abomination (Abyss:1)
  4 acid dragons
  9 water moccasins
  2 hell hounds (D:15)
  A sky beast (D:5)
  Pargi (Sewer)
  2 ice beasts
  35 orc warriors
  A necrophage (D:8)
  7 wolves
  10 ogres
  12 centaurs
  4 phantoms
  7 kobold brigands
  13 bullfrogs
  2 gnoll sergeants (D:10)
  3 scorpions
  9 killer bees
  12 wights
  An electric eel (Spider:1)
  6 howler monkeys
  A small abomination (Abyss:1)
  A bullfrog zombie (D:5)
  A centaur skeleton (D:7)
  2 centaur zombies
  6 orc priests
  3 hounds
  An iguana (D:6)
  A gnoll shaman (D:9)
  7 orc wizards
  A killer bee zombie (D:7)
  A hound zombie (D:5)
  3 howler monkey zombies
  15 gnolls
  2 adders
  A shadow imp (D:7)
  3 white imps
  An ufetubus (D:7)
  5 worms
  A dart slug (D:1)
  69 orcs
  12 ball pythons
  5 endoplasms
  6 giant cockroaches
  3 goblins
  7 hobgoblins
  6 jackals
  34 kobolds
  4 quokkas
  A bat (Sewer)
  2 frilled lizards
  8 rats
853 creatures vanquished.

Vanquished Creatures (collateral kills)
  A spark wasp (Spider:4)
  A wolf spider (Spider:3)
  A tentacle (Shoals:1)
3 creatures vanquished.

Vanquished Creatures (others)
  A ghost moth (Spider:4)
  A wolf spider (Spider:4)
  A redback (Spider:4)
  An orc (D:15)
  A demonic plant (Abyss:1)
  34 fungi
  129 plants
  7 tentacles (Shoals:1)
175 creatures vanquished.

Grand Total: 1031 creatures vanquished

Notes
Turn   | Place    | Note
-------+----------+-------------------------------------------
     0 | Abyss:1  | meatgazer the Demonspawn Abyssal Knight began the quest for
                  | the Orb.
     0 | Abyss:1  | Reached XP level 1. HP: 18/18 MP: 2/2
    68 | Abyss:2  | Identified the +1 scale mail of Action {-Cast rF+++ rN+
                  | rCorr}
    71 | Abyss:2  | Noticed a glowing orange brain
    75 | Abyss:2  | Noticed a large abomination
    75 | Abyss:2  | Noticed a raiju
    75 | Abyss:2  | Noticed a raiju
    75 | Abyss:2  | Noticed a tormentor
    77 | D:1      | Escaped the Abyss
   419 | D:1      | Gained mutation: You have sharp fingernails. [demonic
                  | ancestry]
   419 | D:1      | Reached XP level 2. HP: 12/24 MP: 3/3
  1059 | D:1      | Reached * piety under Lugonu
  1279 | D:1      | You fall into a shaft and drop 1 floor!
  1296 | D:2      | Reached skill level 1 in Dodging
  1640 | D:2      | Found a hide-covered altar of Uskayaw.
  2235 | D:2      | Gained mutation: You regenerate magic rapidly. [demonic
                  | ancestry]
  2235 | D:2      | Reached XP level 3. HP: 22/29 MP: 4/4
  2538 | D:2      | Found a faded altar of an unknown god.
  3680 | D:3      | Found a runed translucent gate.
  3680 | D:3      | Found a runed translucent gate.
  3680 | D:3      | Found a runed translucent gate.
  3755 | D:3      | Found a shadowy altar of Dithmenos.
  3755 | D:3      | Found a sparkling altar of Nemelex Xobeh.
  3765 | D:3      | Found a faded altar of an unknown god.
  3767 | D:3      | Found a shimmering altar of Xom.
  3769 | D:3      | Found a faded altar of an unknown god.
  3831 | D:3      | Gained mutation: You are partially covered in molten
                  | scales. (AC +2) [demonic ancestry]
  3831 | D:3      | Reached XP level 4. HP: 31/36 MP: 5/5
  3995 | D:3      | Reached ** piety under Lugonu
  4286 | D:3      | Noticed Leeroy's ghost (amateur DrTm)
  5999 | D:5      | Entered Level 5 of the Dungeon
  5999 | D:5      | Noticed a phantom
  6019 | D:5      | Killed a phantom
  6020 | D:5      | Reached XP level 5. HP: 39/42 MP: 6/6
  6102 | D:5      | Noticed an ogre
  6104 | D:5      | Found an ornate altar of the Wu Jian Council.
  6114 | D:5      | Killed an ogre
  6115 | D:5      | Reached XP level 6. HP: 41/48 MP: 7/7
  6241 | D:5      | Reached skill level 3 in Invocations
  6501 | D:5      | Noticed a sky beast
  6522 | D:5      | Killed a sky beast
  6523 | D:5      | Reached skill level 4 in Invocations
  6523 | D:5      | Reached XP level 7. HP: 55/55 MP: 8/10
  6836 | D:6      | Reached skill level 5 in Fighting
  6836 | D:6      | Reached skill level 5 in Long Blades
  6931 | D:6      | Found a glowing drain.
  6937 | D:6      | Noticed a vampire
  6959 | D:6      | Killed a vampire
  6960 | D:6      | Reached skill level 5 in Invocations
  6981 | Sewer    | Entered a sewer
  7180 | Sewer    | Noticed Pargi
  7190 | Sewer    | Killed Pargi
  7191 | Sewer    | Reached XP level 8. HP: 59/63 MP: 12/12
  7690 | D:6      | Identified a scroll of acquirement
  7690 | D:6      | Acquired the +8 storm bow {elec, penet}
  7690 | D:6      | Found the +8 storm bow {elec, penet}
  7914 | D:6      | Reached skill level 1 in Bows
  7914 | D:6      | Reached skill level 6 in Invocations
  7917 | D:6      | Noticed a troll
  8021 | D:6      | Killed a troll
  8946 | D:7      | Found a staircase to the Ecumenical Temple.
  8961 | D:7      | Reached skill level 7 in Invocations
  9053 | D:7      | Reached XP level 9. HP: 71/71 MP: 14/14
  9070 | D:7      | Reached *** piety under Lugonu
  9608 | D:7      | Found Hier's Jewellery Shoppe.
  9864 | D:7      | Noticed a boulder beetle
  9884 | D:7      | Killed a boulder beetle
 10353 | D:7      | Reached skill level 5 in Bows
 10353 | D:7      | Reached skill level 8 in Invocations
 10725 | D:8      | Found Tedo's General Store.
 10731 | D:8      | Bought a scroll of enchant armour for 97 gold pieces
 11069 | D:8      | Identified the +2 leather armour of a Gauntlet {rC+}
 11099 | D:8      | Gained mutation: You regenerate a little health from kills.
                  | [demonic ancestry]
 11099 | D:8      | Reached XP level 10. HP: 79/79 MP: 16/16
 11133 | D:8      | Noticed Harold
 11137 | D:8      | Killed Harold
 11138 | D:8      | Reached skill level 9 in Invocations
 11485 | D:8      | Found a radiant altar of Vehumet.
 11487 | D:8      | Found a blossoming altar of Fedhas.
 11488 | D:8      | Found an opulent altar of Gozag.
 11748 | D:9      | Reached **** piety under Lugonu
 12061 | D:9      | Found a hide-covered altar of Uskayaw.
 12233 | D:9      | Found the +4 robe of Folly {Brilliance Will-∞ Int+8}
 12264 | D:9      | Found a sacrificial altar of Ru.
 12399 | D:9      | Found a hazy altar of Hepliaklqana.
 12812 | D:9      | Acquired 1027 gold pieces
 12814 | D:9      | Acquired the +2 buckler of the Tormentor {Str+3}
 13210 | D:10     | Entered Level 10 of the Dungeon
 13453 | D:10     | Reached skill level 10 in Invocations
 13476 | D:10     | Gained mutation: You regenerate health from kills. [demonic
                  | ancestry]
 13476 | D:10     | Reached XP level 11. HP: 87/87 MP: 18/18
 13570 | D:10     | Found a basalt altar of Yredelemnul.
 13869 | D:10     | Found a staircase to the Orcish Mines.
 13879 | D:10     | Reached ***** piety under Lugonu
 13931 | D:10     | Gained mutation: You are partially covered in large bone
                  | plates. (SH +4) [potion of mutation]
 13931 | D:10     | Gained mutation: You are clumsy. (Dex -2) [potion of
                  | mutation]
 13931 | D:10     | Gained mutation: You have a pair of small horns on your
                  | head. [potion of mutation]
 13931 | D:10     | Gained mutation: You have an increased reservoir of magic.
                  | (+10% MP) [potion of mutation]
 13934 | Orc:1    | Entered Level 1 of the Orcish Mines
 13934 | Orc:1    | Noticed an orc knight
 14188 | D:10     | Banished an orc knight
 14736 | Orc:1    | Noticed an orc sorcerer
 14737 | Orc:1    | Paralysed by an orc sorcerer for 4 turns
 14741 | Orc:1    | Killed an orc sorcerer
 14906 | Orc:2    | Entered Level 2 of the Orcish Mines
 14934 | Orc:2    | Noticed an orc knight
 14946 | Orc:2    | Noticed an orc sorcerer
 14952 | Orc:2    | Killed an orc sorcerer
 14953 | Orc:2    | Reached skill level 11 in Invocations
 14953 | Orc:2    | Banished an orc knight
 15046 | Orc:2    | Noticed an orc knight
 15048 | Orc:2    | Banished an orc knight
 15049 | Orc:2    | Reached skill level 1 in Shields
 15068 | Orc:2    | Noticed an orc knight
 15079 | Orc:2    | Banished an orc knight
 15147 | Orc:2    | Noticed an orc knight
 15147 | Orc:2    | Noticed an orc knight
 15153 | Orc:2    | Banished an orc knight
 15156 | Orc:2    | Noticed an orc knight
 15157 | Orc:2    | Banished an orc knight
 15160 | Orc:2    | Banished an orc knight
 15161 | Orc:2    | Reached skill level 10 in Bows
 15161 | Orc:2    | Gained mutation: You are mostly covered in molten scales.
                  | (AC +3) [demonic ancestry]
 15161 | Orc:2    | Reached XP level 12. HP: 77/97 MP: 8/22
 15224 | Orc:2    | Found Seusty's General Store.
 15224 | Orc:2    | Found Jiniery's Assorted Antiques.
 15244 | Orc:2    | Bought a condenser vane for 600 gold pieces
 15393 | Orc:2    | Reached skill level 1 in Evocations
 15904 | Orc:2    | Found Henymeim's Antique Weapon Boutique.
 15904 | Orc:2    | Found Nipnyrph's Assorted Antiques.
 15932 | Orc:2    | Bought a bloodstained plate armour for 924 gold pieces
 15932 | Orc:2    | Identified the +8 plate armour "Elim" {Str+7 Stlth+} (You
                  | bought it in a shop on level 2 of the Orcish Mines)
 15932 | Orc:2    | Bought a jacinth-encrusted scale mail for 297 gold pieces
 15932 | Orc:2    | Identified the +6 scale mail of the Shore {+Inv} (You
                  | bought it in a shop on level 2 of the Orcish Mines)
 16080 | Orc:2    | Found a staircase to the Elven Halls.
 16227 | Orc:1    | Paralysed by an orc sorcerer for 4 turns
 16264 | Abyss:1  | Reached skill level 10 in Fighting
 16264 | Abyss:1  | Reached skill level 12 in Invocations
 16476 | Orc:2    | Escaped the Abyss
 17005 | D:10     | Upgraded the game from 0.28-a0-779-g3d1f99b579 to
                  | 0.28-a0-793-g31680bbd8b
 17062 | D:11     | Found Suopi's Weapon Shoppe.
 17176 | D:11     | Noticed Fannar
 17180 | D:11     | Killed Fannar
 17308 | D:11     | Found a staircase to the Lair.
 17380 | D:11     | Noticed a two-headed ogre
 17385 | D:11     | Killed a two-headed ogre
 17394 | D:11     | Noticed Sonja
 17399 | D:11     | Killed Sonja
 17750 | D:11     | Noticed Nergalle
 17761 | D:11     | Killed Nergalle
 17770 | D:11     | Noticed a two-headed ogre
 17774 | D:11     | Killed a two-headed ogre
 17950 | Lair:1   | Entered Level 1 of the Lair of Beasts
 17958 | Lair:1   | Reached skill level 5 in Armour
 18256 | Lair:1   | Gained mutation: You have very sharp fingernails. [demonic
                  | ancestry]
 18256 | Lair:1   | Reached XP level 13. HP: 74/104 MP: 24/24
 18788 | Lair:1   | Reached skill level 5 in Evocations
 19441 | Lair:2   | Noticed Gastronok
 19447 | Lair:2   | Killed Gastronok
 19462 | Lair:2   | Found a hole to the Spider Nest.
 19619 | Lair:2   | Found the +8 orange crystal plate armour {Archmagi, Int+3
                  | Clar}
 20312 | Lair:3   | Identified the +3 ring mail of Impressiveness {Fly rF-
                  | Regen+ Int+4}
 20319 | Lair:3   | Found a staircase to the Shoals.
 20331 | Lair:3   | Reached skill level 13 in Invocations
 20895 | Lair:4   | Noticed a fire dragon
 20900 | Lair:4   | Killed a fire dragon
 21054 | Lair:4   | Noticed BigDaddyOpFi's ghost (journeyman GrBe)
 21088 | Lair:4   | Found a runed translucent door.
 21830 | Lair:4   | Identified the +4 trident "Tecilal" {vorpal, rCorr Str-2
                  | SInv}
 22171 | Lair:5   | Gained mutation: When hurt, damage is shared between your
                  | health and your magic reserves. [demonic ancestry]
 22171 | Lair:5   | Reached XP level 14. HP: 113/113 MP: 26/26
 22192 | Lair:5   | Found a runed translucent gate.
 22192 | Lair:5   | Found a runed translucent gate.
 22193 | Lair:5   | Found a runed translucent gate.
 22196 | Lair:5   | Noticed Etewkasm's ghost (journeyman TrMo)
 22258 | Lair:5   | You fall into a shaft and drop 1 floor!
 22258 | Lair:6   | Entered Level 6 of the Lair of Beasts
 22536 | Lair:6   | Reached skill level 14 in Invocations
 23404 | Lair:6   | Found a staircase to the Slime Pits.
 24443 | Lair:6   | Identified the +8 trident "Fonao" {vorpal, rElec}
 25361 | D:12     | Reached skill level 10 in Evocations
 25590 | D:13     | Found a corrupted altar of Lugonu.
 25986 | D:13     | Reached XP level 15. HP: 120/120 MP: 28/28
 26114 | D:13     | Reached skill level 10 in Armour
 26391 | D:13     | Found a gate to the Vaults.
 26970 | D:14     | Noticed a tengu reaver
 26979 | D:14     | Killed a tengu reaver
 27654 | D:15     | Entered Level 15 of the Dungeon
 27826 | D:15     | Noticed Azrael
 27837 | D:15     | Killed Azrael
 28041 | D:15     | Reached ****** piety under Lugonu
 28626 | D:15     | Reached skill level 15 in Invocations
 28922 | D:15     | Found a staircase to the Depths.
 29266 | Orc:1    | Reached XP level 16. HP: 122/129 MP: 25/30
 29659 | D:10     | Lost mutation: You are clumsy. (Dex -2) [potion of
                  | mutation]
 29659 | D:10     | Gained mutation: A frigid envelope surrounds you and
                  | freezes all who hurt you. [potion of mutation]
 29659 | D:10     | Gained mutation: You have a pair of horns on your head.
                  | [potion of mutation]
 29749 | Spider:1 | Entered Level 1 of the Spider Nest
 30213 | Spider:1 | Identified a +9 falchion of distortion (a +7 falchion of
                  | flaming corrupted by Lugonu)
 30213 | Spider:1 | Received a gift from Lugonu
 30342 | Spider:1 | Noticed Josephine
 30346 | Spider:1 | Killed Josephine
 30926 | Spider:2 | Reached skill level 1 in Spellcasting
 31934 | Spider:3 | Noticed Louise
 31950 | Spider:3 | Killed Louise
 32149 | Spider:3 | Identified the +0 plate armour "Teas" {rElec Int+5}
 32177 | Spider:3 | Reached skill level 10 in Long Blades
 32186 | Spider:3 | Reached skill level 16 in Invocations
 32393 | Spider:4 | Entered Level 4 of the Spider Nest
 32411 | Spider:4 | Identified the +8 hunting sling of Innocence {freeze, rC+}
 32712 | Spider:4 | Identified Roxanne's Almanac of Changing
 32712 | Spider:4 | Noticed Roxanne
 32731 | Spider:4 | Banished Roxanne
 33125 | Spider:4 | Noticed Bai Suzhen
 33140 | Spider:4 | Killed Bai Suzhen
 33233 | Spider:4 | Noticed Nikola
 33688 | Spider:4 | Found a runed translucent gate.
 33689 | Spider:4 | Found a runed translucent gate.
 33689 | Spider:4 | Found a runed translucent gate.
 33689 | Spider:4 | Noticed Qoqufel's ghost (journeyman GrFi)
 33706 | Spider:4 | Banished Qoqufel's ghost
 34044 | Spider:4 | Reached XP level 17. HP: 121/138 MP: 0/32
 34046 | Spider:4 | Killed Nikola
 34286 | Spider:4 | Got a gossamer rune of Zot
 34698 | Orc:2    | Bought a scroll of acquirement for 1716 gold pieces
 34698 | Orc:2    | Acquired a manual of Long Blades
 35053 | Shoals:1 | Entered Level 1 of the Shoals
 35085 | Shoals:1 | Cast into level 2 of the Abyss (merfolk impaler)
 35169 | Abyss:2  | Learned a level 3 spell: Frozen Ramparts
 35199 | Shoals:1 | Escaped the Abyss
 35523 | Shoals:1 | Noticed a kraken
 35551 | Shoals:1 | Killed a kraken
 35628 | Shoals:1 | Found Masmox's General Store.
 35636 | Shoals:1 | Bought a +0 pair of gloves of archery for 172 gold pieces
 36032 | Shoals:1 | Reached skill level 1 in Ice Magic
 36062 | Shoals:1 | Identified the +7 ring mail of Loxu {rPois rN+}
 36367 | Shoals:1 | Escaped the Abyss
 36938 | Shoals:2 | Corrupted Shoals:2
 36939 | Shoals:2 | HP: 6/139 [merfolk impaler (3)]
 36940 | Shoals:2 | Killed from afar by a water nymph

Illustrated notes

Levels and vault maps discovered:
D:1:      shiori_arrival_oz, layout_basic, hangedman_abyss_or_decor_stabs,
          roderic_nine_men_s_morris
D:2:      layout_loops_cross, basic_altar, chequers_ecumenical_altar_simple
D:3:      layout_basic, chequers_temple_overflow_minitemple, gammafunk_ghost_icy
D:4:      layout_basic
D:5:      layout_basic, lemuel_crystal_altar, eino_tiny_chamber
D:6:      minmay_chambers_of_sixes, layout_cave_pools, portal_sewer_entry_c,
          grunt_ministairs_2
D:7:      layout_loops_ring, minmay_temple_entry_arrows, serial_shops, shop,
          wad_mini_maze
D:8:      layout_basic, mainiacjoe_overflow_alcove_3, serial_shops, shop,
          uniq_harold
D:9:      kennysheep_kobold_camp, layout_rooms, nzn_hepliaklqana_mist_gate,
          nicolae_uskayaw_suspiria, nicolae_ru_the_path_less_chosen,
          dk_noncrumbling_3, dreamdust_deal_with_the_devil,
          hangedman_abyss_or_decor_clamps, kennysheep_dice
D:10:     layout_loops_ring, mainiacjoe_overflow_boulevard,
          kennysheep_orc_monster_closet_entryway
D:11:     layout_roguey, lair_entry_dummy, serial_shops, shop, uniq_nergalle,
          uniq_sonja, uniq_fannar
D:12:     layout_roguey
D:13:     kennysheep_kobold_lugonu_temple, layout_stronghold, david_vaults_5
D:14:     minmay_connected_boxes_in_corner, layout_gridville,
          minmay_misc_feat_ornament, drop_trap, hex_large
D:15:     gammafunk_enter_depths_forms, layout_rooms, solitary_fountain,
          hangedman_decor_lopped, uniq_azrael
Lair:1:   layout_hall_layers, st_stairs_7, hibernation_bobbens
Lair:2:   layout_cave_pods, spider_nest_entry_a, grunt_megastairs_4,
          lemuel_fruit_tree, lemuel_fruit_fields, uniq_gastronok
Lair:3:   layout_loops_ring, minmay_shoals_entry_centaurs
Lair:4:   layout_regular_city, hellmonk_ghost_happy_afterlife,
          bobbens_dragon_lair_wall
Lair:5:   layout_hall_layers, ebering_ghost_rock_garden, minmay_lindwurm_lava
Lair:6:   gammafunk_lair_ancient_temple, layout_loops_ring,
          minmay_slime_entry_oklob_open
Shoals:1: layout_shoals, serial_shops, nicolae_diamond_shop,
          nicolae_shoals_kraken_intersection
Shoals:2: layout_shoals
Spider:1: layout_spider_delve, uniq_josephine
Spider:2: layout_chambers
Spider:3: layout_spider_delve, nicolae_spider_webbed_stairs, uniq_louise
Spider:4: guppyfry_spider_rune, ebering_ghost_rock_garden, uniq_roxanne,
          uniq_nikola, uniq_bai_suzhen
Orc:1:    layout_diamond_mine
Orc:2:    st_orc_town, layout_caves

Skill      XL: |  1  2  3  4  5  6  7  8  9 10 11 12 13 14 15 16 17 |
---------------+----------------------------------------------------+-----
Armour         | 2 3 5 7 9 10 11 12 | 12.2
Long Blades    | 2 3 4 5 6 7 8 9 10 11 | 11.3
Dodging        | 1 2 4 |  4.0
Fighting       | 4 5 6 7 8 9 10 11 12 13 14 | 14.3
Invocations    | 4 5 7 8 10 11 12 13 14 15 16 | 16.9
Bows           | 3 6 8 10 11 12 13 | 13.0
Shields        | 3 4 |  4.3
Evocations     | 4 7 10 11 12 | 12.7
Spellcasting   | 2 |  2.7
Ice Magic      | 1 |  1.6
Stealth        | |  0.8

Action                   |  1- 3 |  4- 6 |  7- 9 | 10-12 | 13-15 | 16-18 || total
-------------------------+-------+-------+-------+-------+-------+-------++-------
Melee: Falchion          |   152 |   115 |   230 |    91 |    16 |   515 ||  1119
       Headbutt          |       |       |       |       |     5 |   152 ||   157
       Longbow           |       |       |       |       |     1 |       ||     1
 Fire: Longbow           |       |       |    35 |   420 |   944 |   153 ||  1552
Invok: Depart the Abyss  |     1 |       |       |     1 |       |     2 ||     4
       Banish            |       |       |       |    13 |     2 |     7 ||    22
       Bend Space        |       |       |       |     2 |     1 |     5 ||     8
       Enter the Abyss   |       |       |       |     1 |       |     1 ||     2
       Brand Weapon With |       |       |       |       |       |     1 ||     1
       Corrupt           |       |       |       |       |       |     1 ||     1
Evoke: Wand              |       |       |     3 |     1 |    15 |    18 ||    37
       Condenser vane    |       |       |       |       |     3 |     2 ||     5
       Phantom mirror    |       |       |       |       |       |     3 ||     3
       Tin of tremorston |       |       |       |       |       |     4 ||     4
  Use: Potion            |     1 |     3 |       |     4 |     3 |     9 ||    20
       Scroll            |     5 |     5 |    11 |    14 |    11 |     7 ||    53
 Stab: Paralysed         |       |       |     4 |       |       |       ||     4
       Distracted        |       |       |       |       |       |     1 ||     1
Armor: Scale mail        |    56 |    50 |   159 |    42 |       |       ||   307
       Leather armour    |     1 |       |       |       |       |       ||     1
       Plate armour      |       |       |       |    33 |   298 |    15 ||   346
       Crystal plate arm |       |       |       |       |       |   441 ||   441
       Ring mail         |       |       |       |       |       |    59 ||    59
Dodge: Dodged            |    77 |    45 |   134 |    91 |   159 |   233 ||   739
Block: Other             |       |    11 |    59 |    64 |   202 |    98 ||   434
       Reflection        |       |     1 |       |     5 |    12 |    18 ||    36
       Buckler           |       |       |       |       |       |   414 ||   414

Table legend: (Time is in decaauts)
 A = Elapsed time spent in this place.
 B = Non-inter-level travel time spent in this place.
 C = Inter-level travel time spent in this place.
 D = Time resting spent in this place.
 E = Time spent auto-exploring this place.
 F = Levels seen in this place.
 G = Mean time per level.
                   A        B        C        D        E       F      G
               +--------+--------+--------+--------+--------+-----+--------+
         Total |  37224 |  35378 |   1846 |   9230 |  20596 |  35 | 1063.5 |
       Dungeon |  19840 |  18943 |    897 |   4969 |  11332 |  15 | 1322.7 |
          Lair |   7345 |   6922 |    423 |    912 |   4901 |   6 | 1224.2 |
        Shoals |   1666 |   1666 |      0 |    720 |    656 |   2 |  833.0 |
   Spider Nest |   4740 |   4556 |    184 |   1117 |   2583 |   4 | 1185.0 |
  Orcish Mines |   2730 |   2390 |    340 |   1007 |    912 |   2 | 1365.0 |
         Abyss |    533 |    533 |      0 |    309 |    104 |   5 |  106.6 |
         Sewer |    367 |    367 |      0 |    196 |    107 |   1 |  367.0 |
               +--------+--------+--------+--------+--------+-----+--------+

Top non-repeatable levels by time:
Spider:4: 2082 daAuts
  Lair:6: 1928 daAuts
     D:3: 1849 daAuts
     D:6: 1790 daAuts
     D:9: 1750 daAuts
     D:1: 1741 daAuts
Shoals:1: 1648 daAuts
   Orc:1: 1582 daAuts
    D:10: 1578 daAuts
     D:7: 1505 daAuts
    D:15: 1417 daAuts
  Lair:1: 1287 daAuts
     D:8: 1271 daAuts
     D:2: 1262 daAuts
    D:14: 1203 daAuts
